 Dungeon Crawl Stone Soup version 0.21.1-1-g345015f (webtiles) character file.

3914 StoopidFlanders the Transmogrifier (level 10, -3/50 HPs)
             Began as a Vine Stalker Transmuter on Mar 24, 2018.
             Was an Initiate of Cheibriados.
             Splashed by a jelly's acid (6 damage)
             ... on level 9 of the Dungeon.
             The game lasted 00:16:39 (6860 turns).

StoopidFlanders the Transmogrifier (VSTm)           Turns: 6860, Time: 00:16:40

Health: -3/50      AC:  4    Str: 18    XL:     10   Next: 20%
Magic:  0/14       EV: 16    Int: 14    God:    Cheibriados [......]
Gold:   140        SH:  0    Dex: 19    Spells: 2/13 levels left

rFire    + . .     SeeInvis .     - Unarmed
rCold    x . .     Gourm    .   (no shield)
rNeg     . . .     Faith    .   v - +2 leather armour of the Sturgeon {rC- Str+4 Stlth+}
rPois    .         Spirit   +   (no helmet)
rElec    .         Reflect  .   (no cloak)
rCorr    .         Harm     .   (no gloves)
MR       +....                  k - +2 pair of boots
Stlth    ++........             g - amulet of magic regeneration
HPRegen  0.56/turn              n - +2 ring of evasion
MPRegen  0.39/turn              t - ring of protection from fire

@: corroded, very slow
A: fangs 3, regeneration 1, magic shield, antimagic bite, no potion heal 3, rot
immunity
a: Bend Time, Renounce Religion


You were on level 9 of the Dungeon.
You worshipped Cheibriados.
Cheibriados was noncommittal.
You were not hungry.

You visited 2 branches of the dungeon, and saw 10 of its levels.

You collected 301 gold pieces.
You spent 161 gold pieces at shops.

Inventory:

Missiles
 a - 90 arrows
Armour
 k - a +2 pair of boots (worn)
 v - the +2 leather armour of the Sturgeon (worn) {rC- Str+4 Stlth+}
   (You bought it in a shop on level 4 of the Dungeon)

   It affects your strength (+4).
   It makes you vulnerable to cold.
   It makes you more stealthy.
Jewellery
 g - an amulet of magic regeneration (around neck)
 n - a +2 ring of evasion (left hand)
 p - an uncursed ring of ice
 t - a ring of protection from fire (right hand)
Wands
 q - a wand of polymorph (14)
 w - a wand of flame (27)
 y - a wand of random effects (22)
Scrolls
 b - 4 scrolls of remove curse
 f - 2 scrolls of magic mapping
 i - 8 scrolls of identify
 j - a scroll of teleportation
 m - 3 scrolls of enchant weapon
 r - 2 scrolls of fog
 s - a scroll of fear {unknown}
 B - a scroll of enchant armour
Potions
 e - a potion of magic
 h - 2 potions of lignification {unknown}
 l - 3 potions of curing
 o - a potion of haste {unknown}
 x - a potion of agility {unknown}
 z - 2 potions of degeneration {unknown}
Books
 c - a book of Changes

   Spells                             Type                      Level
   a - Beastly Appendage              Transmutation                1
   b - Sticks to Snakes               Transmutation                2
   c - Spider Form                    Transmutation/Poison         3
   d - Ice Form                       Ice/Transmutation            4
   e - Blade Hands                    Transmutation                5
 u - a book of Cantrips

   Spells                             Type                      Level
   a - Confusing Touch                Hexes                        1
   b - Animate Skeleton               Necromancy                   1
   c - Summon Small Mammal            Summoning                    1
   d - Apportation                    Translocation                1
Comestibles
 d - 14 rations
 A - a chunk of flesh


   Skills:
 + Level 4.3 Fighting
 + Level 4.1 Dodging
 * Level 8.5 Unarmed Combat
 - Level 2.1 Spellcasting
 - Level 10.0 Transmutations
 + Level 1.5 Invocations


You had 2 spell levels left.
You knew the following spells:

 Your Spells              Type           Power        Failure   Level  Hunger
a - Beastly Appendage     Tmut           ####..       1%          1    #......
b - Sticks to Snakes      Tmut           ####....     1%          2    ###....
c - Spider Form           Tmut/Pois      ###.......   11%         3    ###....
d - Blade Hands           Tmut           ####......   12%         5    ######.


Dungeon Overview and Level Annotations

Branches:
Dungeon (9/15)             Temple (1/1) D:4
   Lair: D:8-11         Orc: D:9-12

Altars:
Ashenzari
Cheibriados
Elyvilon
Fedhas
Kikubaaqudgha
Nemelex Xobeh
Okawaru
Ru
Sif Muna
Trog
Xom
The Shining One

Shops:
D:4 *   D:7 *

Annotations:
D:9 Maurice


Innate Abilities, Weirdness & Mutations

You have razor-sharp teeth.
Your natural rate of healing is unusually fast.
When hurt, damage is shared between your health and your magic reserves.
Your bite disrupts and absorbs the magic of your enemies.
Potions cannot restore your health.
You are immune to rotting.


Message History

You kill the orc warrior!
Cheibriados thoroughly appreciates the change of pace.
You hear a zap.
Some rock shatters into small pieces.
The orc completely misses you. The orc completely misses you.
The orc hits you but does no damage.
Found a stone staircase leading down.
Something drops a long sword.
Something picks up a flail.
The orc closely misses you. The jelly completely misses you.
The orc closely misses you.
Your transformation has ended.
Your +2 pair of boots unmelds from your body.
The +2 leather armour of the Sturgeon {rC- Str+4 Stlth+} unmelds from your body.
You hear a zap.
Some rock shatters into small pieces.
The orc hits you with a dagger.
* * * LOW HITPOINT WARNING * * *
The jelly hits you.
* * * LOW HITPOINT WARNING * * *
The acid corrodes you!
You are splashed with acid!
The acid burns!
You die...

.......# .......
#..... ##....
>.. #.... ...
#...#.....
#...#.....!.
#.@.#.......
##Jo...#...#
#o#........#
#o.o.......#
##..........
#...........
##..).........
##.#...#......#
#...#.........##
##


You could see a jelly and 4 orcs.

Vanquished Creatures
  Pikel (D:4)
  Prince Ribbit (D:8)
  Duvessa (D:7)
  A necrophage (D:9)
  4 orc warriors
  2 phantoms
  5 ogres
  A slave (D:4)
  A black bear (D:6)
  3 centaurs
  A big kobold (D:7)
  A bullfrog (D:7)
  Dowan (D:7)
  A water moccasin zombie (D:3)
  2 scorpions
  6 killer bees (D:7)
  3 howler monkeys
  3 crimson imps
  2 lava snakes (D:7)
  2 jellies
  2 orc priests
  A gnoll shaman (D:4)
  3 hounds
  An orc wizard (D:8)
  A bullfrog skeleton (D:7)
  9 worker ants
  2 hound skeletons (D:6)
  A worker ant zombie (D:7)
  5 gnolls (D:4)
  10 adders
  An ooze (D:1)
  An adder zombie (D:8)
  A dart slug (D:4)
  3 leopard geckos
  20 orcs
  7 giant cockroaches
  12 hobgoblins
  13 jackals
  2 quokkas
  4 ball pythons
  4 bats
  6 frilled lizards
  A giant cockroach zombie (D:6)
  9 goblins
  8 kobolds
  A leopard gecko skeleton (D:7)
  9 rats
179 creatures vanquished.

Vanquished Creatures (collateral kills)
  A scorpion (D:5)
  A worker ant (D:5)
  A worker ant zombie (D:8)
3 creatures vanquished.

Vanquished Creatures (others)
  A worker ant (D:4)
  An orc (D:4)
2 creatures vanquished.

Grand Total: 184 creatures vanquished

Notes
Turn   | Place    | Note
-------+----------+-------------------------------------------
     0 | D:1      | StoopidFlanders the Vine Stalker Transmuter began the quest for the Orb.
     0 | D:1      | Reached XP level 1. HP: 9/9 MP: 4/4
   425 | D:1      | Reached XP level 2. HP: 14/14 MP: 6/6
   767 | D:1      | Reached XP level 3. HP: 6/17 MP: 2/7
  1581 | D:2      | Gained mutation: Your natural rate of healing is unusually fast. [Vine Stalker growth]
  1581 | D:2      | Reached XP level 4. HP: 15/21 MP: 6/8
  1590 | D:2      | Reached skill level 5 in Unarmed Combat
  2374 | D:3      | Reached skill level 3 in Transmutations
  2374 | D:3      | Reached XP level 5. HP: 23/25 MP: 9/9
  2482 | D:3      | Learned a level 2 spell: Sticks to Snakes
  2486 | D:3      | Learned a level 3 spell: Spider Form
  2665 | D:3      | Reached skill level 4 in Transmutations
  2910 | D:4      | Noticed Pikel
  2910 | D:4      | Noticed a slave
  2910 | D:4      | Noticed a slave
  2911 | D:4      | Noticed a slave
  2911 | D:4      | Noticed a slave
  2924 | D:4      | Killed a slave
  2938 | D:4      | Killed Pikel
  2938 | D:4      | Reached skill level 7 in Transmutations
  2938 | D:4      | Reached XP level 6. HP: 26/29 MP: 10/10
  2938 | D:4      | Reached XP level 7. HP: 29/32 MP: 11/11
  3027 | D:4      | Found a staircase to the Ecumenical Temple.
  3174 | D:4      | Found Yhetuf's Assorted Antiques.
  3217 | D:4      | Gained mutation: You have razor-sharp teeth. [Vine Stalker growth]
  3217 | D:4      | Reached XP level 8. HP: 20/37 MP: 7/12
  3415 | D:4      | Reached skill level 8 in Transmutations
  3584 | D:5      | Entered Level 5 of the Dungeon
  4122 | D:5      | Found an iron altar of Okawaru.
  4276 | D:4      | Bought a smelly leather armour for 161 gold pieces
  4286 | D:4      | Identified the +2 leather armour of the Sturgeon {rC- Str+4 Stlth+} (You bought it in a shop on level 4 of the Dungeon)
  4329 | D:6      | Reached skill level 9 in Transmutations
  4680 | D:6      | Reached skill level 10 in Transmutations
  4809 | D:7      | Reached skill level 1 in Fighting
  4822 | D:7      | Reached XP level 9. HP: 36/41 MP: 11/13
  4984 | D:7      | Found Idinau's Assorted Antiques.
  5002 | D:7      | Learned a level 5 spell: Blade Hands
  5118 | D:7      | Noticed Duvessa
  5118 | D:7      | Noticed Dowan
  5142 | D:7      | Killed Duvessa
  5193 | D:7      | Killed Dowan
  5792 | D:8      | Noticed Prince Ribbit
  5827 | D:8      | Killed Prince Ribbit
  6283 | D:8      | Reached XP level 10. HP: 41/49 MP: 9/14
  6459 | Temple   | Entered the Ecumenical Temple
  6561 | Temple   | Became a worshipper of Cheibriados the Contemplative
  6744 | D:9      | Noticed Maurice
  6748 | D:9      | Reached skill level 1 in Invocations
  6854 | D:9      | HP: 1/50 [orc/trident (6)]
  6860 | D:9      | Splashed by a jelly's acid

Skill      XL: |  1  2  3  4  5  6  7  8  9 10 |
---------------+-------------------------------+-----
Unarmed Combat | 4 5 8 |  8.5
Transmutations | 3 7 10 | 10.0
Fighting       | 1 3 4 |  4.3
Dodging        | 2 3 4 |  4.1
Invocations    | 1 |  1.5
Spellcasting   | |  2.1

Action                   |  1- 3 |  4- 6 |  7- 9 | 10-12 || total
-------------------------+-------+-------+-------+-------++-------
Melee: Unarmed           |   108 |   167 |   342 |    48 ||   665
       Bite              |    21 |    40 |    44 |       ||   105
       Kick              |     6 |     1 |       |       ||     7
       Headbutt          |     2 |    10 |    15 |       ||    27
       Punch             |       |     3 |     4 |       ||     7
 Cast: Beastly Appendage |    11 |     6 |     9 |       ||    26
       Spider Form       |       |       |    25 |     5 ||    30
       Sticks to Snakes  |       |       |     2 |       ||     2
       Blade Hands       |       |       |     3 |       ||     3
  Use: Scroll            |       |     1 |     9 |       ||    10
       Potion            |       |       |     2 |       ||     2
 Stab: Sleeping          |     1 |     1 |     4 |       ||     6
  Eat: Chunk             |     2 |     5 |    16 |     3 ||    26
Armor: Robe              |     5 |       |       |       ||     5
       Leather armour    |    19 |    37 |    22 |       ||    78
       Skin              |       |       |     6 |     3 ||     9
Dodge: Dodged            |    64 |   101 |   264 |   100 ||   529
